 Dungeon Crawl Stone Soup version 0.32-a0-119-g2e8054a333 (webtiles) character file.

Game seed: 12523727827729507603

2170 Sobieck the Shield-Bearer (level 9, -8/81 HPs)
             Began as a Gnoll Fighter on Feb 6, 2024.
             Was an Initiate of Cheibriados.
             Mangled by Duvessa
             ... wielding a +0 short sword of electrocution
              (15 damage)
             ... on level 7 of the Dungeon.
             The game lasted 00:13:02 (6379 turns).

Sobieck the Shield-Bearer (Gnoll Fighter)           Turns: 6379, Time: 00:13:02

Health: -8/81      AC: 10    Str: 17    XL:     9   Next: 32%
Magic:  15/15      EV: 13    Int: 13    God:    Cheibriados [......]
Gold:   330        SH:  6    Dex: 12    Spells: 16/16 levels left

rFire   . . .        a - +0 rapier
rCold   . . .        c - +0 buckler
rNeg    . . .        w - +0 steam dragon scales
rPois   .            (no helmet)
rElec   .            (no cloak)
rCorr   .            d - +0 pair of gloves
SInv    +            A - +1 pair of boots
Will    .....        s - amulet of regeneration
Stlth   ++           (no ring)
HPRegen 1.13/turn    (no ring)
MPRegen 0.14/turn

%: no passive effects
@: slow
A: fangs 1, strong nose, distributed training, see invisible, robust 1,
persistent drain
a: Renounce Religion


You were on level 7 of the Dungeon.
You worshipped Cheibriados.
Cheibriados was noncommittal.
You visited 2 branches of the dungeon, and saw 8 of its levels.

You collected 330 gold pieces.

Inventory:

Hand Weapons
 a - a +0 rapier (weapon)
 b - a +1 sling
Missiles
 i - 60 stones
 u - 3 atropa-tipped darts
 x - 3 poisoned darts (quivered)
 y - 5 javelins
Armour
 c - a +0 buckler (worn)
 d - a +0 pair of gloves (worn)
 g - a +0 scale mail
 w - +0 steam dragon scales (worn)
 A - a +1 pair of boots (worn)
Jewellery
 s - an amulet of regeneration (around neck)
Wands
 r - a wand of charming (17)
Scrolls
 f - 4 scrolls of noise
 l - 2 scrolls of amnesia
 p - 2 scrolls of teleportation
 q - a scroll of fog
Potions
 e - a potion of curing
 h - a potion of haste {unknown}
 k - a potion of mutation
 m - a potion of degeneration {unknown}
 n - 3 potions of enlightenment
 o - a potion of invisibility {unknown}
 t - a potion of heal wounds {unknown}
 v - a potion of magic {unknown}


   Skills:
 + Level 7.9 Fighting
 + Level 6.3 Short Blades
 + Level 4.3 Long Blades
 + Level 4.3 Axes
 + Level 4.3 Maces & Flails
 + Level 4.3 Polearms
 + Level 4.3 Staves
 + Level 4.3 Ranged Weapons
 + Level 4.3 Throwing
 + Level 7.9 Armour
 + Level 4.3 Dodging
 + Level 4.3 Stealth
 + Level 7.9 Shields
 + Level 4.3 Unarmed Combat
 + Level 4.3 Spellcasting
 + Level 3.5 Conjurations
 + Level 3.5 Hexes
 + Level 3.5 Summonings
 + Level 3.5 Necromancy
 + Level 3.5 Translocations
 + Level 3.5 Fire Magic
 + Level 3.5 Ice Magic
 + Level 3.5 Air Magic
 + Level 3.5 Earth Magic
 + Level 3.5 Alchemy
 + Level 4.7 Invocations
 + Level 4.3 Evocations
 + Level 3.9 Shapeshifting


You had 16 spell levels left.
You didn't know any spells.
Your spell library contained the following spells:

 Spells                   Type           Power      Damage    Failure   Level
 Magic Dart               Conj           44%        1d5       6%          1
 Blink                    Tloc           22%        N/A       9%          2
 Call Imp                 Summ           22%        N/A       9%          2
 Cigotuvi's Dreadful Rot  Necr/Alch/Air  22%        N/A       9%          2
 Searing Ray              Conj           22%        2d5       9%          2
 Hailstorm                Conj/Ice       11%        3d6       17%         3
 Summon Ice Beast         Ice/Summ       11%        N/A       17%         3
 Fulminant Prism          Conj/Alch      5%         3d7       50%         4
 Ignite Poison            Fire/Alch      11%        N/A       50%         4
 Freezing Cloud           Conj/Ice/Air   5%         6-21      85%         5
 Sculpt Simulacrum        Ice/Alch       5%         N/A       100%        6


Dungeon Overview and Level Annotations

Branches:
Dungeon (7/15)             Temple (1/1) D:7

Altars:
Ashenzari
Cheibriados
Dithmenos
Elyvilon
Fedhas
Gozag
Hepliaklqana
Kikubaaqudgha
Makhleb
Nemelex Xobeh
Qazlal
Ru
Sif Muna
Xom
Yredelemnul
Zin
The Shining One

Shops:
D:3 (

Annotations:
D:7 Dowan, Duvessa


Innate Abilities, Weirdness & Mutations

You have very sharp teeth.
Your uncanny sense of smell can sniff out nearby items.
Your experience applies equally to all skills.
You have supernaturally acute eyesight. (SInv)
You are robust. (+10% HP)
Your health recovers twice as slowly from being drained.


Message History

Unknown command.
You hit Duvessa but do no damage.
Duvessa is almost dead.
Duvessa barely misses you. Duvessa closely misses you.
You hit Duvessa but do no damage. You bite Duvessa, but do no damage.
Duvessa is almost dead.
Duvessa hits you with a +0 short sword of electrocution.
* * * LOW HITPOINT WARNING * * *
Unknown command.
You hit Duvessa.
Duvessa is almost dead.
Duvessa hits you but does no damage.
Unknown command.
You hit Duvessa but do no damage.
Duvessa is almost dead.
Duvessa hits you but does no damage. Dowan misses you.
Duvessa hits you with a +0 short sword of electrocution.
* * * LOW HITPOINT WARNING * * *
Unknown command.
You hit Duvessa but do no damage.
Duvessa is almost dead.
Dowan closely misses you. You block Duvessa's attack.
Unknown command.
You hit Duvessa but do no damage.
Duvessa is almost dead.
Duvessa barely misses you. Dowan misses you.
You hit Duvessa but do no damage.
Duvessa is almost dead.
Duvessa barely misses you.
Dowan hits you with a +3 vampiric dagger.
* * * LOW HITPOINT WARNING * * *
Duvessa hits you but does no damage.
You are electrocuted!
* * * LOW HITPOINT WARNING * * *
You hit Duvessa but do no damage.
Duvessa is almost dead.
Duvessa barely misses you.
Dowan hits you with a +3 vampiric dagger.
* * * LOW HITPOINT WARNING * * *
Unknown command.
You barely miss Duvessa.
Duvessa is almost dead.
Duvessa hits you with a +0 short sword of electrocution!
* * * LOW HITPOINT WARNING * * *
Dowan casts a spell at you. The puff of flame hits you.
* * * LOW HITPOINT WARNING * * *
It was a potion of cancellation.
You feel magically purged. Duvessa hits you but does no damage.
You are electrocuted!
You die...
Cheibriados appreciates the motionlessness of death.

########## #........##
#. ..........# #.#
#######...###### #.#
#.<....... #..
#...#####. #.# #...#
#######.#########...#
......#....e@e......#
...........####.#####
........#######[# ∆
........>......(.......
.(......#...........##.
......#................
......#########.#......
...... #.#...#.. #####
#.#.... #


You could see Duvessa (fast) and Dowan.

Vanquished Creatures
  A steam dragon (D:6)
  2 ice beasts (D:6)
  2 black bears
  3 ogres
  A centaur (D:6)
  3 bullfrogs
  4 scorpions
  A howler monkey (D:7)
  A bombardier beetle (D:6)
  4 hounds
  2 jellies
  A gnoll bouda (D:5)
  6 iguanas
  8 orc wizards
  12 gnolls
  8 adders
  4 ribbon worms
  26 orcs
  6 bats
  6 endoplasms
  3 giant cockroaches
  12 goblins
  9 hobgoblins
  6 jackals
  8 kobolds
  6 quokkas
  9 ball pythons
  5 frilled lizards
  2 rats (D:1)
161 creatures vanquished.

Notes
Turn   | Place    | Note
-------+----------+-------------------------------------------
     0 | D:1      | Sobieck the Gnoll Fighter began the quest for the Orb.
     0 | D:1      | Reached XP level 1. HP: 23/23 MP: 1/1
   127 | D:1      | Reached XP level 2. HP: 23/29 MP: 2/2
   536 | D:1      | Reached XP level 3. HP: 34/35 MP: 3/3
   563 | D:1      | Reached skill level 1 in Invocations
  1251 | D:1      | Reached skill level 1 in Long Blades
  1251 | D:1      | Reached skill level 1 in Axes
  1251 | D:1      | Reached skill level 1 in Maces & Flails
  1251 | D:1      | Reached skill level 1 in Polearms
  1251 | D:1      | Reached skill level 1 in Staves
  1251 | D:1      | Reached skill level 1 in Ranged Weapons
  1251 | D:1      | Reached skill level 1 in Throwing
  1251 | D:1      | Reached skill level 1 in Dodging
  1251 | D:1      | Reached skill level 1 in Stealth
  1251 | D:1      | Reached skill level 1 in Unarmed Combat
  1251 | D:1      | Reached skill level 1 in Spellcasting
  1251 | D:1      | Reached skill level 1 in Evocations
  1368 | D:1      | Reached skill level 1 in Shapeshifting
  1368 | D:1      | Reached XP level 4. HP: 28/41 MP: 5/5
  1490 | D:2      | Reached skill level 1 in Conjurations
  1490 | D:2      | Reached skill level 1 in Hexes
  1490 | D:2      | Reached skill level 1 in Summonings
  1490 | D:2      | Reached skill level 1 in Necromancy
  1490 | D:2      | Reached skill level 1 in Translocations
  1490 | D:2      | Reached skill level 1 in Fire Magic
  1490 | D:2      | Reached skill level 1 in Ice Magic
  1490 | D:2      | Reached skill level 1 in Air Magic
  1490 | D:2      | Reached skill level 1 in Earth Magic
  1490 | D:2      | Reached skill level 1 in Alchemy
  2007 | D:3      | Reached XP level 5. HP: 47/47 MP: 7/7
  2760 | D:3      | Found Ovufuuj's Weapon Emporium.
  3097 | D:4      | Noticed a black bear
  3111 | D:4      | Reached XP level 6. HP: 46/46 MP: 8/8
  3120 | D:4      | Killed a black bear
  3514 | D:4      | Reached XP level 7. HP: 28/60 MP: 10/10
  4092 | D:5      | Entered Level 5 of the Dungeon
  4122 | D:5      | Reached skill level 3 in Invocations
  4293 | D:5      | Found a basalt altar of Yredelemnul.
  4490 | D:5      | HP: 3/60 [gnoll bouda/+0 club (6)]
  4547 | D:5      | Found an opulent altar of Gozag.
  4656 | D:5      | Reached skill level 3 in Long Blades
  4656 | D:5      | Reached skill level 3 in Axes
  4656 | D:5      | Reached skill level 3 in Maces & Flails
  4656 | D:5      | Reached skill level 3 in Polearms
  4656 | D:5      | Reached skill level 3 in Staves
  4656 | D:5      | Reached skill level 3 in Ranged Weapons
  4656 | D:5      | Reached skill level 3 in Throwing
  4656 | D:5      | Reached skill level 3 in Dodging
  4656 | D:5      | Reached skill level 3 in Stealth
  4656 | D:5      | Reached skill level 3 in Unarmed Combat
  4656 | D:5      | Reached skill level 3 in Spellcasting
  4656 | D:5      | Reached skill level 3 in Evocations
  4656 | D:5      | Reached XP level 8. HP: 41/67 MP: 12/12
  5121 | D:6      | Reached skill level 3 in Shapeshifting
  5272 | D:6      | Reached skill level 3 in Conjurations
  5272 | D:6      | Reached skill level 3 in Hexes
  5272 | D:6      | Reached skill level 3 in Summonings
  5272 | D:6      | Reached skill level 3 in Necromancy
  5272 | D:6      | Reached skill level 3 in Translocations
  5272 | D:6      | Reached skill level 3 in Fire Magic
  5272 | D:6      | Reached skill level 3 in Ice Magic
  5272 | D:6      | Reached skill level 3 in Air Magic
  5272 | D:6      | Reached skill level 3 in Earth Magic
  5272 | D:6      | Reached skill level 3 in Alchemy
  5357 | D:6      | Reached skill level 6 in Short Blades
  5435 | D:6      | Gained mutation: You are robust. (+10% HP) [potion of
                  | mutation]
  5435 | D:6      | Gained mutation: Your health recovers twice as slowly from
                  | being drained. [potion of mutation]
  5435 | D:6      | Gained mutation: You have supernaturally acute eyesight.
                  | (SInv) [potion of mutation]
  5471 | D:6      | Reached XP level 9. HP: 36/80 MP: 14/14
  6149 | D:7      | Found a staircase to the Ecumenical Temple.
  6239 | D:7      | Noticed Duvessa
  6279 | D:7      | Noticed Dowan
  6283 | Temple   | Entered the Ecumenical Temple
  6294 | Temple   | Became a worshipper of Cheibriados the Contemplative
  6379 | D:7      | Mangled by Duvessa

Illustrated notes

Levels and vault maps discovered:
D:1:      dpeg_arrival_morbid_curiosity, layout_rooms, serial_co_window_serial,
          co_window_of_opportunity_a, co_window_paths_b,
          co_window_of_opportunity_a, co_window_corner_a,
          co_window_of_opportunity_a, co_window_corner_a, co_window_paths_a,
          co_window_of_opportunity_a, co_window_of_opportunity_a,
          co_window_of_opportunity_c, co_window_corner_b, co_window_corner_ca,
          glass_columns_a, glass_columns_b, grunt_decor_arrowhead,
          minmay_heptomino_w4
D:2:      layout_rooms
D:3:      layout_basic, serial_shops, nicolae_lakefront_shop
D:4:      layout_loops_ring
D:5:      layout_basic, kennysheep_little_box, yredelemnul_altar_generic,
          fountainhead, solitary_fountain, minmay_liquid_box
D:6:      layout_basic
D:7:      layout_rooms, vehumet_statue, uniq_duvessa
Temple:   hellmonk_temple_of_storms

Skill      XL: |  1  2  3  4  5  6  7  8  9 |
---------------+----------------------------+-----
Invocations    | 1 2 3 4 |  4.7
Long Blades    | 1 2 3 4 |  4.3
Axes           | 1 2 3 4 |  4.3
Maces & Flails | 1 2 3 4 |  4.3
Polearms       | 1 2 3 4 |  4.3
Staves         | 1 2 3 4 |  4.3
Ranged Weapons | 1 2 3 4 |  4.3
Throwing       | 1 2 3 4 |  4.3
Dodging        | 1 2 3 4 |  4.3
Stealth        | 1 2 3 4 |  4.3
Unarmed Combat | 1 2 3 4 |  4.3
Spellcasting   | 1 2 3 4 |  4.3
Evocations     | 1 2 3 4 |  4.3
Shapeshifting  | 1 2 3 |  3.9
Conjurations   | 1 2 3 |  3.5
Hexes          | 1 2 3 |  3.5
Summonings     | 1 2 3 |  3.5
Necromancy     | 1 2 3 |  3.5
Translocations | 1 2 3 |  3.5
Fire Magic     | 1 2 3 |  3.5
Ice Magic      | 1 2 3 |  3.5
Air Magic      | 1 2 3 |  3.5
Earth Magic    | 1 2 3 |  3.5
Alchemy        | 1 2 3 |  3.5
Short Blades   | 5 6 |  6.3
Fighting       | 7 |  7.9
Armour         | 7 |  7.9
Shields        | 7 |  7.9

Action                     |  1- 3 |  4- 6 |  7- 9 || total
---------------------------+-------+-------+-------++-------
  Melee: Rapier            |    94 |   230 |   652 ||   976
         Bite              |     8 |    30 |    94 ||   132
   Fire: Sling             |    27 |    55 |       ||    82
  Throw: Dart              |       |       |    12 ||    12
  Evoke: Wand              |       |       |     6 ||     6
    Use: Scroll            |       |    10 |     1 ||    11
         Potion            |       |     1 |     3 ||     4
   Stab: Invisible         |       |       |     1 ||     1
         Sleeping          |       |       |     1 ||     1
 Armour: Scale mail        |    73 |   156 |   209 ||   438
         Steam dragon scal |       |       |   179 ||   179
  Dodge: Dodged            |    42 |    97 |   263 ||   402
  Block: Buckler           |    25 |    60 |   149 ||   234

Table legend: (Time is in decaauts)
 A = Elapsed time spent in this place.
 B = Non-inter-level travel time spent in this place.
 C = Inter-level travel time spent in this place.
 D = Time resting spent in this place.
 E = Time spent auto-exploring this place.
 F = Levels seen in this place.
 G = Mean time per level.
                   A        B        C        D        E       F      G
               +--------+--------+--------+--------+--------+-----+--------+
         Total |   6369 |   6136 |    233 |    607 |   3755 |   8 |  796.1 |
       Dungeon |   6323 |   6090 |    233 |    587 |   3755 |   7 |  903.3 |
        Temple |     45 |     45 |      0 |     20 |      0 |   1 |   45.0 |
               +--------+--------+--------+--------+--------+-----+--------+

Top non-repeatable levels by time:
     D:1: 1383 daAuts
     D:3: 1236 daAuts
     D:6: 1036 daAuts
     D:5: 961 daAuts
     D:4: 916 daAuts
     D:2: 603 daAuts
     D:7: 186 daAuts
  Temple: 45 daAuts
